 Dungeon Crawl Stone Soup version 0.27-a0-1595-g0b823d0a13 (webtiles) character file.

Game seed: 9082545217896687724

63 Anon1729 the Cudgeller (level 3, 0/33 HPs)
             Began as a Minotaur Monk on July 20, 2021.
             Was a Priest of Vehumet.
             Slain by an adder (5 damage)
             ... on level 2 of the Dungeon.
             The game lasted 00:01:20 (1183 turns).

Anon1729 the Cudgeller (Minotaur Monk)              Turns: 1183, Time: 00:01:21

Health: 0/33       AC:  2    Str: 16    XL:     3   Next: 89%
Magic:  2/2        EV: 12    Int:  7    God:    Vehumet [***...]
Gold:   56         SH:  0    Dex: 12    Spells: 2/2 levels left

rFire    . . .     SeeInvis .   a - +0 mace
rCold    . . .     Faith    .   (no shield)
rNeg     . . .     Spirit   .   b - +0 robe
rPois    .         Reflect  .   (helmet restricted)
rElec    .         Harm     .   (no cloak)
rCorr    .         Rampage  .   (no gloves)
Will     .....                  (no boots)
Stlth    ++........             (no amulet)
HPRegen  0.11/turn              (no ring)
MPRegen  0.08/turn              (no ring)

@: lethally poisoned (0 -> -13)
A: horns 2, retaliatory headbutt
a: Renounce Religion


You were on level 2 of the Dungeon.
You worshipped Vehumet.
Vehumet was most pleased with you.
You visited 1 branch of the dungeon, and saw 2 of its levels.

You collected 56 gold pieces.

Inventory:

Hand Weapons
 a - a +0 mace (weapon)
Armour
 b - a +0 robe (worn)
Scrolls
 e - 2 scrolls of identify {unknown}
 f - a scroll of fear {unknown}
Potions
 c - a potion of attraction {unknown}
 d - a potion of might {unknown}


   Skills:
 + Level 4.2 Fighting
 * Level 4.8 Maces & Flails
 + Level 1.8 Armour
 - Level 3.3 Dodging
 - Level 1.6 Stealth


You had 2 spell levels left.
You didn't know any spells.
Your spell library contained the following spells:

 Spells                   Type           Power      Damage    Failure   Level
 Inner Flame              Hex/Fire       0%         N/A       32%         3
 Animate Skeleton         Necr           0%         N/A       43%         1
 Pain                     Necr           0%         1d4       43%         1
 Vampiric Draining        Necr           0%         2d6       80%         3


Dungeon Overview and Level Annotations

Branches:
Dungeon (2/15)

Altars:
Vehumet


Innate Abilities, Weirdness & Mutations

You have a pair of horns on your head.
You reflexively headbutt those who attack you in melee.


Message History

The endoplasm quivers.
A bat comes into view.
You hit the endoplasm but do no damage. You headbutt the endoplasm.
You kill the endoplasm!
Vehumet accepts your kill.
Found a golden ring.
The bat hits you but does no damage. The adder bites you.
You are poisoned.
The adder poisons you!
You miss the adder. Your headbutt misses the adder.
You feel sick. The bat barely misses you. The adder bites you.
You are more poisoned.
The adder poisons you! The bat barely misses you. You furiously retaliate!
You headbutt the bat. You closely miss the bat. Your headbutt misses the bat.
The bat is heavily wounded.
You feel very sick. The bat closely misses you. The adder bites you.
You are more poisoned.
The adder poisons you! The adder bites you.
You are lethally poisoned!
The adder poisons you!
You barely miss the adder.
You feel very sick. The bat closely misses you. The adder bites you.
You are more poisoned.
The adder poisons you!
You are too injured to fight recklessly!
You are too injured to fight recklessly!
You are too injured to fight recklessly!
You are too injured to fight recklessly!
You are too injured to fight recklessly!
You are too injured to fight recklessly!
There is a lethal amount of poison in your body!
There is a lethal amount of poison in your body!
You barely miss the adder. You headbutt the adder!
The adder is almost dead.
* * * LOW HITPOINT WARNING * * *
You feel very sick. The adder bites you.
You die...

#.............
######........
#........
##########........
.#.................
.......####.#.#####
.....8......#.#
......S.(.#.#.#
=..>..b@..+.#.#
..........#.#
.......#+##.#
..?.... ..# .....8.
### ....... ##.####
..


You could see an adder and a bat.

Vanquished Creatures
  3 adders (D:2)
  A worm (D:2)
  3 dart slugs
  A ball python (D:1)
  2 bats
  2 endoplasms (D:2)
  3 giant cockroaches
  3 goblins
  4 hobgoblins
  A quokka (D:1)
  A kobold (D:1)
  3 rats
27 creatures vanquished.

Notes
Turn   | Place    | Note
-------+----------+-------------------------------------------
     0 | D:1      | Anon1729 the Minotaur Monk began the quest for the Orb.
     0 | D:1      | Reached XP level 1. HP: 19/19 MP: 0/0
   183 | D:1      | Reached XP level 2. HP: 24/27 MP: 1/1
   246 | D:1      | Found a faded altar of an unknown god.
   262 | D:1      | Became a worshipper of Vehumet
   262 | D:1      | Reached * piety under Vehumet
   262 | D:1      | Offered knowledge of Sandblast by Vehumet.
   262 | D:1      | Reached ** piety under Vehumet
   264 | D:1      | Reached skill level 1 in Armour
   592 | D:2      | Offered knowledge of Poisonous Vapours by Vehumet.
   722 | D:2      | Reached XP level 3. HP: 32/33 MP: 2/2
  1098 | D:2      | Offered knowledge of Inner Flame by Vehumet.
  1119 | D:2      | Reached *** piety under Vehumet
  1183 | D:2      | Slain by an adder

Illustrated notes

Levels and vault maps discovered:
D:1:      minmay_arrival_three_doors, layout_rooms, basic_ecumenical_altar,
          chequers_decorated_corner
D:2:      layout_basic, basic_altar, st_stairs_1

Skill      XL: |  1  2 |
---------------+-------+-----
Maces & Flails | 4 |  4.8
Armour         | 1 |  1.8
Fighting       | 4 |  4.2
Dodging        | |  3.3
Stealth        | |  1.6

Action                   || total
-------------------------++-------
Melee: Mace              ||    72
       Headbutt          ||    13
Armor: Robe              ||    25
Dodge: Dodged            ||    51

Table legend: (Time is in decaauts)
 A = Elapsed time spent in this place.
 B = Non-inter-level travel time spent in this place.
 C = Inter-level travel time spent in this place.
 D = Time resting spent in this place.
 E = Time spent auto-exploring this place.
 F = Levels seen in this place.
 G = Mean time per level.
                   A        B        C        D        E       F      G
               +--------+--------+--------+--------+--------+-----+--------+
         Total |   1195 |   1185 |     10 |    263 |    701 |   2 |  597.5 |
       Dungeon |   1195 |   1185 |     10 |    263 |    701 |   2 |  597.5 |
               +--------+--------+--------+--------+--------+-----+--------+

Top non-repeatable levels by time:
     D:2: 621 daAuts
     D:1: 574 daAuts
